Cogmind - Beta 13 @@@ ROGUE MODE // 2024.04.29 @ 16:02:04 Player: A Foxgirl OWO Result: Self-destructed Performance ------------- Evolutions (0) 0 Regions Visited (4) 800 Robots Destroyed (18) 90 Value Destroyed (438) 438 Prototype IDs (4) 80 Alien Tech Used (0) 0 Bonus (0) 0 TOTAL SCORE: 1408 Bonus ------- None Cogmind --------- Core Integrity 14/250 Matter 218/300 Energy 125/125 System Corruption 0% Temperature Cool (0) Movement Treading (160) Location -9/Mines Parts ------- > --- POWER (1) -------- Light Ion Engine > --- PROPULSION (2) --- Light Treads Light Treads > --- UTILITY (2) ------ Small Storage Unit > --- WEAPON (2) ------- Light Assault Rifle Rocket Launcher > --- INVENTORY (8) ---- VTOL Module VTOL Module VTOL Module VTOL Module Weight Redist. System Sensor Array Assault Rifle Light Assault Rifle Peak State ------------ > --- POWER ------------ Light Nuclear Core > --- PROPULSION ------- Light Treads Light Treads > --- UTILITY ---------- Small Storage Unit Weight Redist. System > --- WEAPON ----------- Assault Rifle Light Assault Rifle > --- INVENTORY -------- Ion Engine Ion Engine VTOL Module VTOL Module VTOL Module VTOL Module Light Assault Rifle Light Assault Rifle [Rating: 11] Favorites ----------- Power Ion Engine Engine Ion Engine Power Core Light Nuclear Core Propulsion Light Treads Treads Light Treads Leg Aluminum Leg Utility Small Storage Unit Device Weight Redist. System Storage Small Storage Unit Weapon Light Assault Rifle Ballistic Gun Light Assault Rifle Launcher Rocket Launcher Build | -11 -10 -10 -10 -9 ------- Run | Yrd Mat Min Exi Min Slots Evolved . | . . . . . Power . | . . . . . Propulsion . | . . . . . Utility . | . . . . . Weapon . | . . . . . Parts Attached 19 | 7 8 3 1 . Power 4 | 1 2 1 . . Engine 3 | 1 1 1 . . Core 1 | . 1 . . . Reactor . | . . . . . Propulsion 5 | 3 2 . . . Treads 4 | 2 2 . . . Leg 1 | 1 . . . . Wheel . | . . . . . Hover . | . . . . . Flight . | . . . . . Utility 2 | 1 1 . . . Device 1 | . 1 . . . Storage 1 | 1 . . . . Processor . | . . . . . Hackware . | . . . . . Protection . | . . . . . Artifact . | . . . . . Weapon 8 | 2 3 2 1 . Energy Gun . | . . . . . Energy Cannon . | . . . . . Ballistic Gun 7 | 2 3 2 . . Ballistic Cannon . | . . . . . Launcher 1 | . . . 1 . Special Weapon . | . . . . . Impact Weapon . | . . . . . Slashing Weapon . | . . . . . Piercing Weapon . | . . . . . Special Melee Weapon . | . . . . . Unidentified Prototypes . | . . . . . Parts Lost 1 | . . . 1 . Power . | . . . . . Propulsion . | . . . . . Utility 1 | . . . 1 . Weapon . | . . . . . Highest Loss Streak 1 | . . . 1 . To Critical Strikes . | . . . . . Average Slot Usage (%) 97 | . 97 100 94 . Engine 12 | . 9 14 14 . Core 1 | . 4 . . . Treads 27 | . 27 28 28 . Device 12 | . 11 14 9 . Storage 14 | . 14 14 14 . Ballistic Gun 26 | . 28 28 22 . Launcher 1 | . . . 5 . Naked Turns . | . . . . . Heaviest Build 13 | 13 13 13 13 . Greatest Support 46 | 20 46 46 46 . Greatest Overweight (x) . | . . . . . Average Overweight (x) . | . . . . . Largest Inventory Capacity 8 | 8 8 8 8 . Average Capacity 7 | 6 8 8 8 . Most Carried 8 | 4 8 8 8 . Average Carried 7 | 2 7 8 8 . Final Capacity 8 | 8 8 8 8 8 Final Carried 8 | 4 8 8 8 8 Class Distribution -------------------- 100% | Mutant Dominant Class ---------------- Mutant | -10/Materials Mutant | -10/Mines Mutant | -10/Exiles Mutant | -9/Mines Resources | -11 -10 -10 -10 -9 ----------- Run | Yrd Mat Min Exi Min Matter Collected 612 | 170 322 120 . . Remotely . | . . . . . Salvage Created 620 | . 476 143 1 . Parts 33 | . 23 10 . . Haulers Intercepted . | . . . . . Recyclers Shooed 1 | . 1 . . . Parts Field Recycled . | . . . . . Retrieved Matter . | . . . . . Parts Self-Destructed . | . . . . . Prevented . | . . . . . Kills | -11 -10 -10 -10 -9 ------- Run | Yrd Mat Min Exi Min Combat Hostiles Destroyed 15 | . 10 5 . . Guns 15 | . 10 5 . . Classes Destroyed 5 | . 5 . . . Worker 1 | . 1 . . . Recycler 1 | . 1 . . . Watcher 1 | . 1 . . . Swarmer 6 | . 3 3 . . Grunt 9 | . 7 2 . . Best Kill Streak 5 | . 5 3 . . Combat Bots Only 4 | . 4 3 . . Max Kills in Single Turn 1 | . 1 1 . . Gunslinging . | . . . . . Exploded . | . . . . . Melee . | . . . . . Uniques/NPCs Destroyed . | . . . . . Combat | -11 -10 -10 -10 -9 -------- Run | Yrd Mat Min Exi Min Hostile Shots Fired 106 | . 55 51 . . Missed 25 | . 10 15 . . Damage Taken 895 | . 513 354 28 . Core 236 | . 158 64 14 . Absorbed by Shields . | . . . . . Regen/Repaired (Parts) 121 | . 121 . . . Core Remaining (%) 100 | 100 . . . . Volleys Fired 66 | . 39 20 7 . Largest 2 | . 2 2 1 . Hottest 40 | . 40 40 33 . Shots Fired 125 | . 78 40 7 . Gun 118 | . 78 40 . . Cannon . | . . . . . Launcher 7 | . . . 7 . Special . | . . . . . Kinetic 118 | . 78 40 . . Thermal . | . . . . . Explosive 7 | . . . 7 . Electromagnetic . | . . . . . Robot Hit Streak 13 | . 13 5 . . Robot Miss Streak 8 | . 3 8 . . Penetration Max . | . . . . . Secondary Targets 2 | . . 2 . . Max Gunslinging Chain 1 | . . 1 . . Shots Hit Robots 79 | . 58 21 . . Core Hits 39 | . 26 8 5 . Critical Kills . | . . . . . Critical Parts Destroyed . | . . . . . Critical Strikes . | . . . . . Melee Attacks . | . . . . . Impact . | . . . . . Slashing . | . . . . . Piercing . | . . . . . Sneak Attacks . | . . . . . Combat Hostiles . | . . . . . Follow-up Attacks . | . . . . . Damage Inflicted 1013 | . 598 247 168 . Guns 842 | . 595 247 . . Cannons . | . . . . . Explosions 168 | . . . 168 . Melee . | . . . . . Ramming 3 | . 3 . . . Kinetic 842 | . 595 247 . . Thermal . | . . . . . Explosive 168 | . . . 168 . Electromagnetic . | . . . . . Impact . | . . . . . Slashing . | . . . . . Piercing . | . . . . . Highest Corruption . | . . . . . Average Corruption . | . . . . . Corruption Purged . | . . . . . Corruption Blocked . | . . . . . Overload Shots . | . . . . . Overflow Damage 40 | . . . 40 . Projectiles . | . . . . . Explosions 40 | . . . 40 . Melee . | . . . . . Knockbacks . | . . . . . Impact . | . . . . . Kinetic . | . . . . . Secondary . | . . . . . Self-Inflicted Damage 29 | . . . 29 . Shots 1 | . . . 1 . Rammed . | . . . . . Targets Rammed 1 | . 1 . . . Kicked . | . . . . . Crushed 1 | . 1 . . . Highest Temperature 30 | . 30 12 . . Average Temperature 9 | . 9 8 . . Received Heat Transfer 327 | . 255 72 . . Siege Activations . | . . . . . Robots Corrupted . | . . . . . Combat Hostiles . | . . . . . Parts Fried . | . . . . . Impact Corruptions . | . . . . . Robots Melted . | . . . . . Combat Hostiles . | . . . . . Parts Melted . | . . . . . Heat Transferred . | . . . . . Parts Sabotaged . | . . . . . Parts Stolen . | . . . . . Parts Stripped . | . . . . . Power Chain Reactions . | . . . . . Alert | -11 -10 -10 -10 -9 ------- Run | Yrd Mat Min Exi Min Peak Influence 178 | . 178 85 . . Initial 3 | . . 3 . . Average 49 | . 68 24 . . Maximum Alert Level . | . . . . . Low Security (%) 100 | 100 100 100 . . Level 1 . | . . . . . Level 2 . | . . . . . Level 3 . | . . . . . Level 4 . | . . . . . Level 5 . | . . . . . High Security . | . . . . . Max Security . | . . . . . Squads Dispatched 1 | . 1 . . . Investigation . | . . . . . Extermination . | . . . . . Reinforcement 1 | . 1 . . . Assault . | . . . . . Garrison . | . . . . . Intercept . | . . . . . Searches Triggered . | . . . . . Construction Impeded . | . . . . . Haulers Reinforced . | . . . . . Active Scanning Responses . | . . . . . Cargo Convoy Interrupts . | . . . . . Stealth | -11 -10 -10 -10 -9 --------- Run | Yrd Mat Min Exi Min Distress Signals 1 | . 1 . . . Communications Jammed . | . . . . . Distress Signals . | . . . . . Times Spotted 25 | . 19 6 . . Peak Tracking Total 5 | . 5 3 . . Tactical Retreats 1 | . . 1 . . Traps | -11 -10 -10 -10 -9 ------- Run | Yrd Mat Min Exi Min Traps Triggered . | . . . . . Indirectly . | . . . . . Trap Hack Attempts . | . . . . . Triggered . | . . . . . Disarmed . | . . . . . Reprogrammed . | . . . . . Reused . | . . . . . Traps Extracted . | . . . . . Installed . | . . . . . Triggered . | . . . . . Machines | -11 -10 -10 -10 -9 ---------- Run | Yrd Mat Min Exi Min Machines Disabled 2 | . 1 . 1 . Max in Single Turn 1 | . 1 . 1 . Machines Repaired . | . . . . . Machines Dismantled . | . . . . . Machines Sabotaged . | . . . . . Overloaded Fab Kills . | . . . . . Hacking | -11 -10 -10 -10 -9 --------- Run | Yrd Mat Min Exi Min Machines Accessed 9 | . 9 . . . Terminals 6 | . 6 . . . Fabricators . | . . . . . Repair Stations 1 | . 1 . . . Recycling Units 2 | . 2 . . . Scanalyzers . | . . . . . Garrison Access . | . . . . . Total Hacks 25 | . 25 . . . Successful 14 | . 14 . . . Failed 11 | . 11 . . . Catastrophic 1 | . 1 . . . Database Lockouts . | . . . . . Manual 15 | . 15 . . . Terminals 20 | . 20 . . . Fabricators . | . . . . . Repair Stations 3 | . 3 . . . Recycling Units 2 | . 2 . . . Scanalyzers . | . . . . . Garrison Access . | . . . . . Terminal Hacks 10 | . 10 . . . Prototype ID Bank 2 | . 2 . . . Branch Access Points 1 | . 1 . . . Alert Level 2 | . 2 . . . Locate Traps 2 | . 2 . . . Registered Components 1 | . 1 . . . Zone Layout 2 | . 2 . . . Fabricator Hacks . | . . . . . Repair Station Hacks 2 | . 2 . . . Scan Component 1 | . 1 . . . Repair 1 | . 1 . . . Recycling Unit Hacks 2 | . 2 . . . Report Inventory 2 | . 2 . . . Scanalyzer . | . . . . . Garrison Access Hacks . | . . . . . Unauthorized Hacks . | . . . . . Terminals . | . . . . . Fabricators . | . . . . . Repair Stations . | . . . . . Recycling Units . | . . . . . Scanalyzers . | . . . . . Garrison Access . | . . . . . Data Cores Recovered . | . . . . . Used . | . . . . . Hacking Detections 4 | . 4 . . . Full Trace Events . | . . . . . Feedback Events . | . . . . . Feedback Blocked . | . . . . . Robot Schematics Acquired . | . . . . . Robots Built . | . . . . . Authchips . | . . . . . Time . | . . . . . Total Robot Build Rating . | . . . . . Part Schematics Acquired . | . . . . . Parts Built . | . . . . . Authchips . | . . . . . Time . | . . . . . Total Part Build Rating . | . . . . . Parts Repaired 1 | . 1 . . . Time 26 | . 26 . . . Parts Recycled . | . . . . . Recycled Matter . | . . . . . Retrieved Matter . | . . . . . Retrieved Components . | . . . . . Parts Scanalyzed . | . . . . . Part Schematics Acquired . | . . . . . Parts Damaged . | . . . . . Bothacking | -11 -10 -10 -10 -9 ------------ Run | Yrd Mat Min Exi Min Used RIF Installer . | . . . . . Robots Hacked . | . . . . . Non-combat . | . . . . . Combat . | . . . . . Robot Hacks Applied . | . . . . . Relay Couplers Released . | . . . . . Fabnet Peak Effective % . | . . . . . Robots Rewired . | . . . . . Allies Hacked . | . . . . . Hacks Repelled . | . . . . . Allies | -11 -10 -10 -10 -9 -------- Run | Yrd Mat Min Exi Min Total Allies . | . . . . . Largest Group . | . . . . . Highest-Rated Group . | . . . . . Highest-Rated Ally . | . . . . . Total Orders . | . . . . . Ally Attacks . | . . . . . Total Damage . | . . . . . Kills . | . . . . . Allies Corrupted . | . . . . . Allies Melted . | . . . . . Intel | -11 -10 -10 -10 -9 ------- Run | Yrd Mat Min Exi Min Robot Analysis Total . | . . . . . Derelict Logs Recovered 2 | . . 2 . . Drone Launches . | . . . . . Drone Recoveries . | . . . . . Exploration | -11 -10 -10 -10 -9 ------------- Run | Yrd Mat Min Exi Min Turns Passed 3060 | 86 1419 965 590 . Spaces Moved 1736 | 49 762 565 360 . Core 3 | 3 . . . . Treads 1729 | 42 762 565 360 . Legs 4 | 4 . . . . Wheels . | . . . . . Hover . | . . . . . Flight . | . . . . . Fastest Speed 50 | 50 160 160 160 . Average Speed 159 | 150 160 160 160 . Slowest Speed 160 | 160 160 160 160 . Overloaded Moves . | . . . . . Propulsion Burnouts . | . . . . . Robots Hopped . | . . . . . Cave-ins Triggered . | . . . . . Exploration Rate (%) 51 | 4 89 96 61 8 Regions Visited 4 Branch Regions 3 Pre-discovered Areas . | . . . . . Known Exits Taken 1 | . 1 . . . Unknown Exits Taken 3 | 1 . 1 1 . Scrap Searched . | . . . . . Spaces Dug 14 | . . . 14 . Terrain Destroyed 46 | . . . 46 . Melee . | . . . . . Projectile . | . . . . . AOE 46 | . . . 46 . Terrain Rammed . | . . . . . Walls Destroyed . | . . . . . Machines Disabled . | . . . . . Actions | -11 -10 -10 -10 -9 --------- Run | Yrd Mat Min Exi Min Total 1911 | 59 892 593 367 . Wait 63 | . 62 1 . . Move 1732 | 48 761 564 359 . Hop . | . . . . . Pick Up 16 | 3 12 1 . . Fast Attach 10 | 7 2 1 . . Attach . | . . . . . Detach 1 | 1 . . . . Swap 9 | . 6 2 1 . Drop 13 | . 9 4 . . Fire 66 | . 39 20 7 . Melee . | . . . . . Ram . | . . . . . Kick . | . . . . . Crush 1 | . 1 . . . Escape Stasis . | . . . . . Rewire . | . . . . . Trap . | . . . . . Miscellaneous . | . . . . . Route ------- -11/Scrapyard -10/Materials (discovered 5 exits: [*Mat x3] / *Min / [*Sub]) -10/Mines (discovered 3 exits: [*Mat x2] / *Exi) -10/Exiles (discovered 2 exits: [*Min x2]) -9/Mines History --------- Turn | Location | Event 9 | -11/Scrapyard | Discovered new exit (range 13) 87 | -11/Scrapyard | Entered Materials 322 | -10/Materials | Build established: Mutant 368 | -10/Materials | Discovered new exit (range 7) 469 | -10/Materials | Identified exit to Mines 494 | -10/Materials | Core integrity fell below 50% 957 | -10/Materials | Discovered new exit (range 14) 1203 | -10/Materials | Discovered new exit (range 10) 1273 | -10/Materials | Discovered new exit (range 16) 1447 | -10/Materials | Repaired Lgt. Treads 1506 | -10/Materials | Entered Mines 1519 | -10/Mines | Met a Derelict bent on vengeance 1991 | -10/Mines | Discovered new exit (range 8) 1994 | -10/Mines | Learned Materials terminal intel 2022 | -10/Mines | Learned 4 Materials zone layouts 2282 | -10/Mines | Received a Rocket Launcher from a helpful Derelict 2296 | -10/Mines | Core integrity fell below 20% 2409 | -10/Mines | Discovered new exit (range 10) 2465 | -10/Mines | Deemed a non-threat by the Exiles lab entrance 2465 | -10/Mines | Discovered new exit (range 5) 2471 | -10/Mines | Entered Exiles 2471 | -10/Exiles | Found Exiles lab destroyed 2529 | -10/Exiles | Discovered new exit (range 14) 3049 | -10/Exiles | Discovered new exit (range 10) 3061 | -10/Exiles | Entered Mines 3061 | -9/Mines | Self-destructed Last Messages --------------- Acquired 24 matter. EXIT=FOUND "No threat detected, you may enter." EXIT=FOUND LOCATION=UNKNOWN GOAL=ESCAPE EXIT=FOUND Connecting with BIN's Terminal... Current location identified: Exiles as-17637 destroyed. as-06685 destroyed. Destroyed Asb. Hover Unit. as-42064 destroyed. EX-Vault Access disabled. Weight Redist. System destroyed. Destroyed Weight Redist. System. The unstable cave ceiling collapses. EXIT=FOUND LOCATION=UNKNOWN GOAL=ESCAPE Map ----- +----------------------------------------------------+ | ?????????????????????????????????????????????????? | | ?????????????????????????????????????????????????? | | ?????????????????????????????????????????????????? | | ?????????????????????????????????????????????????? | | ?????????????????????????????????????????????????? | | ?????????????????????????????????????????????????? | | ?????????????????????????????????????????????????? | | ?????????????????????????????????????????????????? | | ?????????????????????????????????????????????????? | | ?????????????????????????????????????????????????? | | ?????????????????????????????????????????????????? | | ????????????????????????????? ???????????????????? | | ????????????????????????????? ??????????????????? | | ???????????????????????????? ??????????????????? | | ???????????????????????????? #??????????????????? | | ???????????????????????????? #??????????????????? | | ??????????????????????????## #??????????????????? | | ????????????????????????## ##?????????????????? | | ???????????????????????## ??????????????????? | | ??????????????????????## ???????????????????? | | ?????????????????????## ???????????????????? | | ????????????????#??### ????????????????????? | | ????????????????# # ?????????????????????? | | ???????????????## #?????????????????????? | | ???????????????# #?????????????????????? | | ???????????????# @ #?????????????????????? | | ????????????????# ##?????????????????????? | | ????????????????## #??????????????????????? | | ?????????????????### ??????????????????????? | | ???????????????????## ??????????????????????? | | ????????????????????# ??????????????????????? | | ???????????????????? ??????????????????????? | | ??????????????????? g?????????????????????? | | ??????????????????# ?????????????????????? | | ??????????????????# #?????????????????????? | | ?????????????????? #?????????????????????? | | ????????????????? ## #?????????????????????? | | ????????????????#####?## ##?????????????????????? | | ????????????????????????##???????????????????????? | | ?????????????????????????????????????????????????? | | ?????????????????????????????????????????????????? | | ?????????????????????????????????????????????????? | | ?????????????????????????????????????????????????? | | ?????????????????????????????????????????????????? | | ?????????????????????????????????????????????????? | | ?????????????????????????????????????????????????? | | ?????????????????????????????????????????????????? | | ?????????????????????????????????????????????????? | | ?????????????????????????????????????????????????? | | ?????????????????????????????????????????????????? | +----------------------------------------------------+ Best States ------------- Heat Dissipation 25 Energy Generation 14 Energy Capacity 250 Matter Stores 300 Matter Capacity 300 Sight Range 16 Terrain Scan Density 10 Additional Mass Support 6 Evasion (%) 40 Recoil Reduction 2 Item Schematics ----------------- None Robot Schematics ------------------ None Fabricated ------------ Nothing Alien Tech Used ----------------- None Achievements -------------- None Challenges ------------ None Game ------ Seed AnalysisWarpDrive Manual? 0 Play Time 00:17:45 Cumulative 13.0 hours Start 2024.04.29 @ 15:42:52 End 2024.04.29 @ 16:02:04 Sessions 1 Manual Loads 0 Difficulty Rogue Special Mode None Game No. 28 Rogue 28 Adventurer 0 Explorer 0 Win Type - Total 0 Types 0/0/0/0/0/0/0/0/0 Lore% 15 Gallery% 15 Achievement% 12 Wizard Run 0 Options --------- Layout 1 ASCII 0 Keyboard 0 Movement Mouse Keybinds 0 Fullscreen 0 Font 42/SmallcapsGlow Map View 50x35 Zoom Use 0% Tactical HUD 0 Map Filters NONE Filters NONE Steam 1 RUN: ba7e11b1-c1ac-435d-974f-31f5bfd8ae46